Map: 세룰리안 폴 - 래더

Players

Trap

  • Race: Protoss Protoss
  • League: Master
  • Spawn Location: 7:00

soO - Winner!

  • Race: Zerg Zerg
  • League: Master
  • Spawn Location: 1:00

Event: HomeStory Cup XVIII

VOD

Have the link to the VOD?

Description

Time

  • Played on: Nov. 23, 2018, 11:20 a.m.
  • Length: 11:30

All games in this series

Show
View Real Time Build Order
Export as new Build Order

Trap Protoss 

Build Orders: 1 Gate Expand, Oracle Opening, Chargelot Immortal 

Get SALT Encoding   

  12  0:00  Probe  
  13  0:12  Probe  
  14  0:19  Pylon  
  14  0:25  Probe  
  15  0:33  Probe  
  15  0:41  Probe  
  16  0:44  Gateway  
  17  0:51  Probe  
  17  0:53  Assimilator  
  18  1:03  Probe  
  19  1:15  Probe  
  20  1:26  Nexus  
  20  1:36  Cybernetics Core  
  20  1:39  Probe  
  21  1:45  Assimilator  
  21  1:51  Probe  
  22  1:56  Pylon  
  22  2:03  Probe  
  22  2:05  Adept  
  23  2:15  Probe  
  26  2:20  Stargate  
  26  2:26  Warp Gate  
  26  2:27  Probe  
  27  2:35  Probe x2, Stalker  
  29  2:44  Probe x2  
  33  2:53  Probe  
  33  2:54  Probe  
  33  2:55  Oracle  
  38  3:06  Probe x2  
  38  3:11  Adept  
  42  3:15  Pylon  
  42  3:18  Probe  
  42  3:19  Probe  
  44  3:26  Oracle  
  44  3:30  Probe  
  44  3:31  Probe  
  49  3:42  Probe  
  49  3:43  Probe  
  49  3:46  Gateway  
  49  3:47  Gateway  
  50  3:55  Probe x2  
  52  3:57  Twilight Council  
  52  4:00  Pylon  
  52  4:07  Probe x2  
  52  4:08  Resonating Glaives  
  54  4:12  Gateway  
  54  4:13  Assimilator  
  54  4:16  Assimilator  
  54  4:19  Probe x2  
  56  4:31  Probe x2  
  57  4:35  Robotics Facility  
  57  4:36  Pylon  
  58  4:41  Pylon  
  58  4:42  Adept x2  
  62  4:59  Nexus  
  62  5:01  Pylon  
  62  5:08  Adept x2  
  62  5:09  Adept x2  
  70  5:18  Probe x2  
  72  5:31  Adept x4  
  72  5:34  Immortal  
  84  5:37  Pylon  
  84  5:42  Shield Battery  
  84  5:56  Adept x4  
  92  5:58  Probe x2  
  94  6:09  Immortal  
  92  6:16  Probe  
  88  6:19  Probe  
  88  6:20  Probe  
  88  6:21  Sentry x2  
  88  6:23  Sentry  
  97  6:26  Robotics Facility  
  97  6:32  Probe  
  95  6:34  Probe x2  
  95  6:37  Immortal  
  94  6:45  Charge  
  86  6:48  Probe x3  
  86  6:50  Pylon  
  86  6:52  Gateway  
  93  6:54  Gateway  
  93  6:55  Gateway  
  93  7:01  Stalker x2  
  93  7:02  Stalker  
  93  7:05  Zealot  
  101  7:12  Immortal  
  101  7:15  Probe x3  
  112  7:32  Forge, Probe  
  112  7:33  Probe x2  
  112  7:34  Immortal  
  112  7:35  Pylon, Assimilator  
  115  7:37  Assimilator  
  115  7:42  Pylon  
  115  7:43  Pylon  
  119  8:03  Zealot x7  
  119  8:05  Immortal  
  133  8:12  Immortal  
  133  8:14  Gateway x2  
  133  8:15  Pylon  
  137  8:31  Templar Archives  
  137  8:44  Photon Cannon, Immortal  
  137  8:46  Photon Cannon  
  137  8:48  Warp Prism  
  141  8:49  Photon Cannon  
  143  9:02  Photon Cannon  
  143  9:03  Photon Cannon  
  145  9:10  Protoss Ground Weapons Level 1  
  145  9:13  Stalker  
  145  9:14  Stalker  
  149  9:19  Pylon  
  139  9:33  Probe x2  
  139  9:34  Probe  
  139  9:35  High Templar x2  
  139  9:39  Pylon, Archon  
  139  9:41  Pylon  
  139  9:43  Pylon  
  139  9:50  Pylon  
  132  10:00  Pylon x2  
  132  10:04  Pylon  
  132  10:08  Pylon  
  132  10:09  Pylon  
  132  10:11  Pylon  
  132  10:14  Phoenix  
  128  10:15  Pylon  
  128  10:18  Pylon  
  128  10:19  Immortal  
  128  10:20  Immortal  
  124  10:23  High Templar x2  
  124  10:24  High Templar x2  
  124  10:29  Archon x2  
  124  10:30  High Templar  
  124  10:34  High Templar x3  
  124  10:35  Pylon  
  140  10:40  Phoenix  
  135  10:44  Probe x3  
  135  10:46  Archon  
  135  10:47  Archon  
  132  10:58  Observer  
  132  11:00  Probe x2  
  132  11:01  Probe  
  132  11:03  Photon Cannon  
  128  11:14  Zealot  
  128  11:15  Zealot x5  
Show
View Real Time Build Order
Export as new Build Order

soO Zerg - Winner!

Build Orders: Hatch First, Lurkers 

Get SALT Encoding   

  12  0:00  Drone  
  13  0:12  Overlord  
  13  0:17  Drone  
  14  0:30  Drone  
  14  0:31  Drone  
  16  0:48  Hatchery  
  15  0:51  Drone  
  15  0:55  Drone  
  17  0:58  Drone  
  18  1:09  Extractor  
  17  1:14  Spawning Pool  
  17  1:16  Drone  
  17  1:21  Drone  
  18  1:28  Drone  
  19  1:40  Drone  
  20  1:50  Hatchery  
  20  1:53  Drone  
  20  2:02  Queen  
  20  2:05  Drone  
  23  2:08  Drone  
  23  2:11  Drone  
  25  2:17  Overlord  
  25  2:25  Queen  
  25  2:29  Zergling x2  
  28  2:36  Zergling x2  
  29  2:37  Drone  
  29  2:38  Drone  
  31  2:44  Drone  
  31  2:45  Drone  
  33  2:54  Drone  
  35  2:58  Drone  
  35  3:05  Drone, Overlord  
  36  3:08  Queen, Zergling x2  
  40  3:12  Zergling x2  
  40  3:16  Drone  
  40  3:17  Drone  
  42  3:23  Queen, Overlord  
  42  3:24  Drone x2  
  42  3:25  Drone  
  47  3:31  Drone  
  47  3:33  Spore Crawler  
  47  3:35  Spore Crawler  
  47  3:37  Zergling x2  
  47  3:38  Drone x2  
  50  3:41  Drone  
  50  3:44  Drone x2  
  52  3:52  Drone x2, Metabolic Boost  
  54  3:56  Lair  
  53  4:04  Spore Crawler  
  53  4:05  Extractor  
  53  4:07  Extractor, Drone x4  
  53  4:08  Drone  
  55  4:13  Overlord  
  55  4:15  Drone x2  
  57  4:18  Drone  
  57  4:21  Overlord  
  58  4:24  Overlord  
  58  4:25  Extractor  
  58  4:27  Overlord  
  57  4:34  Drone  
  57  4:35  Roach Warren  
  57  4:36  Drone  
  58  4:42  Drone x3  
  58  4:44  Drone x3  
  58  4:45  Drone  
  64  4:55  Drone x3  
  64  4:58  Overseer  
  65  5:01  Drone x4  
  65  5:02  Drone  
  65  5:07  Overseer  
  70  5:09  Drone  
  70  5:10  Drone x2  
  73  5:16  Zergling x6  
  73  5:18  Glial Reconstitution  
  73  5:19  Overlord  
  75  5:29  Drone x2  
  75  5:31  Extractor  
  75  5:32  Extractor  
  75  5:33  Hydralisk Den  
  74  5:38  Drone  
  74  5:39  Evolution Chamber  
  75  5:42  Drone  
  75  5:43  Drone x2  
  75  5:45  Roach x5  
  87  5:53  Roach  
  87  5:55  Overlord  
  87  5:56  Overlord  
  89  5:57  Overlord  
  89  5:59  Overlord  
  89  6:08  Roach x2  
  86  6:12  Roach x2  
  86  6:13  Roach x2  
  86  6:14  Roach x3  
  86  6:15  Queen, Roach  
  86  6:16  Roach x2  
  101  6:18  Roach  
  101  6:21  Queen  
  98  6:29  Queen  
  86  6:47  Drone  
  86  6:48  Drone x5  
  86  6:49  Drone x3  
  86  6:50  Zerg Missile Weapons Level 1  
  86  6:51  Drone x2  
  97  6:57  Drone  
  98  7:06  Drone x2  
  100  7:08  Hatchery  
  100  7:12  Drone  
  100  7:13  Spire, Drone  
  100  7:18  Drone  
  100  7:19  Hydralisk  
  103  7:24  Hydralisk x2  
  103  7:27  Hydralisk  
  109  7:38  Overlord  
  109  7:39  Drone x3  
  109  7:43  Drone x2  
  114  7:46  Overlord  
  114  7:52  Overseer  
  114  7:54  Overlord  
  114  7:57  Drone x2  
  116  7:59  Overlord  
  116  8:06  Zergling x6  
  119  8:16  Drone x2  
  119  8:17  Queen  
  119  8:18  Overlord  
  123  8:24  Mutalisk x6  
  123  8:25  Mutalisk x2  
  123  8:26  Mutalisk x2  
  143  8:37  Grooved Spines  
  143  8:40  Mutalisk x3  
  149  8:41  Drone x2  
  149  8:42  Drone  
  152  8:49  Lurker Den  
  152  8:50  Drone x4  
  152  8:54  Drone  
  156  8:58  Mutalisk  
  156  9:00  Overlord  
  158  9:04  Overlord  
  158  9:05  Extractor  
  158  9:09  Extractor  
  156  9:10  Drone  
  156  9:11  Overlord  
  156  9:12  Overlord  
  157  9:24  Hydralisk x5  
  167  9:36  Drone  
  168  9:43  Hydralisk x3  
  168  9:44  Hydralisk, Zergling x2  
  168  9:45  Zergling x8  
  181  9:53  Hydralisk x2  
  181  9:54  Hydralisk  
  181  9:55  Hydralisk x2  
  181  9:58  Overlord  
  191  10:04  Overlord  
  191  10:19  Drone x3  
  194  10:30  Lurker x3  
  194  10:31  Lurker x3  
  194  10:35  Infestation Pit, Hatchery  
  198  10:48  Hydralisk  
Tags
 
Add a new tag
Caveats
  • Supply blocks, unpowered buildings, or Contaminate may cause inaccurate times.
  • Supply counts are checked every 10 seconds.